 Dungeon Crawl Stone Soup version 0.30.0-13-g156ef70053 (webtiles) character file.

Game seed: 16629150228356807122

7 browni3141 the Firebug (level 1, -1/13 HPs)
             Began as a Demonspawn Fire Elementalist on May 17, 2023.
             Slain by a jackal (3 damage)
             ... on level 1 of the Dungeon.
             The game lasted 00:00:44 (182 turns).

browni3141 the Firebug (DsFE)                        Turns: 182, Time: 00:00:44

Health: -1/13      AC:  2    Str:  8    XL:     1   Next: 91%
Magic:  0/3        EV: 12    Int: 16    God:
Gold:   41         SH:  0    Dex: 13    Spells: 3/4 levels left

rFire   . . .        n - +0 dagger
rCold   . . .        (no shield)
rNeg    . . .        a - +0 robe
rPois   .            (no helmet)
rElec   .            (no cloak)
rCorr   .            (no gloves)
SInv    .            (no boots)
Will    .....        (no amulet)
Stlth   ++           (no ring)
HPRegen 0.22/turn    (no ring)
MPRegen 0.08/turn

%: no passive effects
@: no status effects
A: no striking features
a: no special abilities


You were on level 1 of the Dungeon.
You visited 1 branch of the dungeon, and saw 1 of its levels.

You collected 41 gold pieces.

Inventory:

Hand Weapons
 n - a +0 dagger (weapon)
Armour
 a - a +0 robe (worn)
Potions
 m - a potion of magic


   Skills:
 + Level 1.9 Dodging
 + Level 1.9 Stealth
 + Level 2.1 Spellcasting
 + Level 1.2 Conjurations
 + Level 2.8 Fire Magic


You had 3 spell levels left.
You knew the following spells:

 Your Spells              Type           Power      Damage    Failure   Level
z - Foxfire               Conj/Fire      32%        2x1d5     9%          1

Your spell library contained the following spells:

 Spells                   Type           Power      Damage    Failure   Level
 Scorch                   Fire           20%        2d5       10%         2
 Inner Flame              Hex/Fire       6%         N/A       34%         3
 Volatile Blastmotes      Fire/Tloc      12%        2d11      34%         3
 Flame Wave               Conj/Fire      8%         2d5       65%         4


Dungeon Overview and Level Annotations

Branches:
Dungeon (1/15)

Altars:


Message History

The foxfire hits the rat.
The rat is heavily wounded.
The rat closely misses you.
You hit the rat but do no damage. The rat barely misses you.
You hit the rat.
You kill the rat!
You see here a rat corpse.
A jackal comes into view.
The jackal barks!
You hear a bark!
You hear a shout!
A jackal comes into view. x2
The jackal barks!
There are monsters nearby!
There are monsters nearby!
You conjure some foxfire!
The jackal closely misses you.
There is not enough space to conjure foxfire!
You hit the jackal.
The jackal is lightly wounded.
The foxfire hits the jackal.
The jackal is moderately wounded.
The foxfire hits the jackal.
The jackal is moderately wounded.
The jackal bites you. The jackal barely misses you.
You conjure some foxfire!
The foxfire hits the jackal but does no damage.
The jackal is moderately wounded.
The jackal bites you.
You hit the jackal.
The jackal is severely wounded.
The foxfire hits the jackal.
You kill the jackal!
The jackal bites you. The jackal misses you.
The jackal bites you but does no damage.
You are out of magic!
Found a stone staircase leading down.
The jackal closely misses you.
The jackal bites you but does no damage.
You hit the jackal but do no damage.
The jackal bites you but does no damage.
You hit the jackal.
The jackal is lightly wounded.
The jackal bites you.
You barely miss the jackal.
The jackal is lightly wounded.
The jackal bites you.
The jackal pauses to sniff the ground.
The jackal barely misses you.
You hit the jackal but do no damage.
The jackal is lightly wounded.
The jackal barely misses you.
You closely miss the jackal.
The jackal is lightly wounded.
The jackal bites you. The jackal misses you.
You barely miss the jackal.
The jackal is lightly wounded.
The jackal closely misses you.
You hit the jackal but do no damage.
The jackal is lightly wounded.
The jackal misses you.
A goblin comes into view. It is wielding a +0 dagger.
The jackal attacks as you move away!
The jackal bites you but does no damage.
An endoplasm comes into view.
The endoplasm quivers.
The endoplasm freezes you.
You are frozen.
The jackal closely misses you.
Casting: Foxfire (safe; 9% risk of failure)
Press: ? - help, Q - select action Dir - look around, f - activate You conjure some foxfire!
The jackal barely misses you. The endoplasm closely misses you.
The jackal attacks as you move away! The jackal bites you.
* * * LOW HITPOINT WARNING * * *
A hobgoblin comes into view.
The foxfire hits the jackal.
The jackal is heavily wounded.
The foxfire hits the endoplasm.
The endoplasm is heavily wounded.
The endoplasm closely misses you. The jackal closely misses you.
The endoplasm barely misses you. The jackal attacks as you move away!
The jackal closely misses you. The endoplasm attacks as you move away!
The endoplasm misses you. The jackal attacks as you move away!
The jackal barely misses you. The jackal attacks as you move away!
The jackal closely misses you.
You closely miss the jackal.
The jackal is heavily wounded.
The jackal closely misses you. The jackal bites you.
* * * LOW HITPOINT WARNING * * *
You completely miss the jackal.
The jackal is heavily wounded.
The jackal closely misses you. The jackal bites you.
* * * LOW HITPOINT WARNING * * *
You hit the jackal.
The jackal is almost dead.
The jackal completely misses you.
Casting: Foxfire (safe; 9% risk of failure)
Press: ? - help, Q - select action Dir - look around, f - activate You conjure some foxfire!
The jackal bites you.
* * * LOW HITPOINT WARNING * * *
The jackal bites you.
You die...

#...#...#.#.#(#.#...#....#.#
#......#..#.#.#..#......##
#.....#..#..#..#..#....##
###....#†..#..#..#...#....
........†.#...#...#........
.......)......#............#
.....................#
###...########..vv...#
#..>##### ##@# #.......# #h#
#...###.# #h# ###..###
####J### ...§...# ###..gg..#
.##.##.##.#......#..#
.##.......#.#g##.#.....
.......####.#.##....###
.##.##...†..†..#.#.##


You could see an endoplasm, 2 jackals, a hobgoblin and a goblin.

Vanquished Creatures
  2 bats (D:1)
  A giant cockroach (D:1)
  A goblin (D:1)
  A jackal (D:1)
  A kobold (D:1)
  A rat (D:1)
7 creatures vanquished.

Vanquished Creatures (others)
  16 foxfires (D:1)
16 creatures vanquished.

Grand Total: 23 creatures vanquished

Notes
Turn   | Place    | Note
-------+----------+-------------------------------------------
     0 | D:1      | browni3141 the Demonspawn Fire Elementalist began the quest
                  | for the Orb.
     0 | D:1      | Reached XP level 1. HP: 13/13 MP: 3/3
   182 | D:1      | Slain by a jackal

Illustrated notes

Levels and vault maps discovered:
D:1:      minmay_arrival_radiant_lines, layout_loops_cross

Action                     || total
---------------------------++-------
  Melee: Dagger            ||    21
   Cast: Foxfire           ||    12
 Armour: Robe              ||     9
  Dodge: Dodged            ||    33
